 Dungeon Crawl Stone Soup version 0.26-a0-646-g5d7718319a (webtiles) character file.

Game seed: 14290590734090587524

7476 KennyOmg the Cleaver (level 10, -1/141 HPs)
             Began as a Minotaur Berserker on Sept 24, 2020.
             Was a High Priest of Trog.
             Slain by an orc warrior
             ... wielding a +0 hand axe
              (8 damage)
             ... on level 11 of the Dungeon.
             The game lasted 00:13:44 (11643 turns).

KennyOmg the Cleaver (Minotaur Berserker)          Turns: 11643, Time: 00:13:45

Health: -1/141     AC: 12    Str: 19    XL:     10   Next: 94%
Magic:  18/18      EV: 10    Int: 11    God:    Trog [*****.]
Gold:   743        SH: 12    Dex: 12    Spells: 9/9 levels left

rFire    . . .     SeeInvis +   F - +3 hand axe
rCold    . . .     Faith    .   o - +0 kite shield
rNeg     . . .     Spirit   .   N - +1 ring mail of the Volcano {rCorr Str-4 Int+4 SInv} (curse)
rPois    .         Reflect  .   K - +2 hat
rElec    .         Harm     .   (no cloak)
rCorr    +         Rampage  .   m - +2 pair of gloves {Dex+3}
MR       +....                  P - +0 pair of boots
Stlth    ..........             (no amulet)
HPRegen  0.33/turn              l - ring of protection from magic (curse)
MPRegen  0.16/turn              E - ring of magical power

@: berserking (expiring), very quick
A: retaliatory headbutt, horns 2
a: Berserk, Trog's Hand, Brothers in Arms, Renounce Religion


You were on level 11 of the Dungeon.
You worshipped Trog.
Trog was extremely pleased with you.
You visited 1 branch of the dungeon, and saw 11 of its levels.
You also visited: Sewer.

You collected 743 gold pieces.

Inventory:

Hand Weapons
 F - a +3 hand axe (weapon)
   (You found it on level 10 of the Dungeon)
Armour
 m - a +2 pair of gloves of dexterity (worn)
   (You found it on level 2 of the Dungeon)
 o - a +0 kite shield (worn)
   (You found it on level 2 of the Dungeon)
 K - a +2 hat (worn)
   (You found it on level 9 of the Dungeon)
 N - the cursed +1 ring mail of the Volcano (worn) {rCorr Str-4 Int+4 SInv}
   (You found it on level 9 of the Dungeon)

   It affects your strength (-4).
   It affects your intelligence (+4).
   It lets you see invisible.
   It provides partial protection from all sources of acid and corrosion.
   It has a curse placed upon it.
 P - a +0 pair of boots (worn)
   (You found it on level 9 of the Dungeon)
Jewellery
 l - a cursed ring of protection from magic (left hand)
   (You found it on level 6 of the Dungeon)
 E - a ring of magical power (right hand)
   (You found it on level 5 of the Dungeon)
Wands
 c - a wand of disintegration (31)
   (You found it on level 2 of the Dungeon)
 d - a wand of iceblast (4)
   (You found it on level 5 of the Dungeon)
 t - a wand of flame (20)
   (You found it on level 6 of the Dungeon)
 u - a wand of paralysis (8)
   (You found it on level 9 of the Dungeon)
Scrolls
 a - 5 scrolls of enchant armour
 f - 4 scrolls of teleportation {@r4}
 g - 7 scrolls of blinking
 k - 7 scrolls of remove curse {@r2}
 p - a scroll of enchant weapon {unknown}
 r - 8 scrolls of identify {@r1}
 v - a scroll of holy word {unknown}
 w - 5 scrolls of magic mapping
 y - 4 scrolls of fog {unknown}
 B - a scroll of fear {unknown}
 D - a scroll of random uselessness {unknown}
 H - 3 scrolls of immolation {unknown}
 L - a scroll of noise {unknown}
 O - a scroll of torment {unknown}
 Q - a scroll of amnesia {unknown}
Potions
 b - a potion of cancellation {unknown}
 e - 2 potions of might {unknown}
 h - 10 potions of curing {@q1}
 i - a potion of ambrosia {unknown}
 j - 4 potions of mutation {unknown}
 n - 2 potions of lignification {!q}
 s - 3 potions of haste {unknown}
 x - 3 potions of degeneration {unknown}
 z - 2 potions of magic {unknown}
 A - 4 potions of brilliance {unknown}
 C - a potion of berserk rage {unknown}
 G - a potion of invisibility {unknown}
 I - 2 potions of flight {unknown}
 J - 2 potions of stabbing {unknown}
 M - a potion of heal wounds {unknown}
Miscellaneous
 q - a condenser vane (2/2)
   (You found it on level 7 of the Dungeon)


   Skills:
 + Level 10.7 Fighting
 - Level 14.0 Axes
 - Level 2.4 Armour
 - Level 2.1 Dodging
 + Level 10.1 Shields


You had 9 spell levels left.
You didn't know any spells.
Your spell library was empty.

Dungeon Overview and Level Annotations

Branches:
Dungeon (11/15)            Temple (0/1) D:4            Lair (0/6) D:8
    Orc (0/2) D:11          Sewer (visited)

Altars:
Elyvilon
Hepliaklqana
Makhleb
Nemelex Xobeh
Uskayaw
Zin
Beogh

Shops:
D:4 (   D:7 [   D:10 :

Annotations:
D:4 2 transporters
D:5 1 runed translucent door, Crazy Yiuf


Innate Abilities, Weirdness & Mutations

You reflexively headbutt those who attack you in melee.
You have a pair of horns on your head.


Message History

You kill the orc priest!
Trog accepts your kill.
You slash the orc!
You kill the orc!
Trog accepts your kill.
The orc throws a boomerang.
You block the boomerang.
The weapon returns to the orc!
You slash the orc!
You kill the orc!
Trog accepts your kill. You block the orc's attack.
The orc throws a boomerang.
You block the boomerang.
The weapon returns to the orc!
The orc warrior throws a stone.
The stone hits you.
* * * LOW HITPOINT WARNING * * *
You closely miss the orc priest.
The orc throws a boomerang.
The boomerang completely misses you.
The weapon returns to the orc!
You closely miss the orc priest. The orc priest barely misses you.
The orc hits you but does no damage.
You barely miss the orc priest. You hit the orc but do no damage.
The orc warrior throws a stone.
The stone barely misses you.
The orc throws a boomerang.
The boomerang hits you.
* * * LOW HITPOINT WARNING * * *
You slice the orc priest!!
You kill the orc priest!
Trog accepts your kill.
You slash the orc!
You kill the orc!
Trog accepts your kill.
Unknown command.
You block the orc's attack. The orc closely misses you.
The orc warrior barely misses you. You furiously retaliate!
You headbutt the orc warrior!
Your ogre rages.
The orc barely misses you.
Items here: ))) [[.
You closely miss the orc warrior. You barely miss the orc. You slash the orc!
You kill the orc!
Trog accepts your kill. You block the orc's attack.
You slash the orc!
You kill the orc!
Trog accepts your kill.
You slash the orc!
You kill the orc!
Trog accepts your kill.
You hit the orc warrior.
The orc hits you from afar with a +0 trident.
* * * LOW HITPOINT WARNING * * *
The orc warrior hits you with a +0 hand axe!
You die...

+.....#
...8..⌠..#
..#.....# .P
..#.....# ♣P.
#.#8._.># ♣..
#.#.....# .♣♣♣..
#.#†)...#
...P..##O8@o⌠..#
.........(O(...#
.P.P..)))8)o...#
♣♣♣...))#.....#
.. ♣(....#######
.$.♣♣♣P..........
P..P..P.....#####
.......[.....#
.#.###..<.##.#


You could see an orc warrior, an orc and 2 friendly ogres.

Vanquished Creatures
  Pikel (D:7)
  Joseph (D:8)
  Psyche (D:9)
  3 trolls
  A hippogriff (D:8)
  A vampire (D:10)
  A yak (D:8)
  A basilisk (D:8)
  Menkaure (D:5)
  2 water moccasins (D:10)
  3 sky beasts
  3 orc warriors
  4 ice beasts
  A phantom (D:8)
  5 ogres
  5 centaurs
  A crocodile (D:8)
  A lemure (D:7)
  A big kobold (D:8)
  6 bullfrogs
  A gnoll sergeant (D:5)
  A scorpion (D:7)
  7 killer bees
  A bullfrog zombie (D:8)
  3 hounds
  3 jellies
  11 orc priests
  3 centaur skeletons
  Jessica (D:2)
  Natasha (thrice) (D:3)
  Terence (D:3)
  An iguana (D:8)
  9 orc wizards
  6 worker ants
  A hound zombie (D:7)
  4 hound skeletons
  Robin (D:3)
  5 gnolls (D:5)
  10 adders
  9 river rats
  3 shadow imps
  4 white imps
  An ufetubus (D:8)
  3 oozes
  3 adder zombies
  2 adder skeletons
  5 worms
  2 dart slugs
  5 leopard geckos
  51 orcs
  18 ball pythons
  4 giant cockroaches
  12 goblins
  10 hobgoblins
  4 jackals (D:1)
  11 kobolds
  3 quokkas
  4 bats
  8 frilled lizards
  A leopard gecko skeleton (D:4)
  A leopard gecko zombie (D:7)
  A quokka zombie (D:7)
  30 rats
310 creatures vanquished.

Vanquished Creatures (collateral kills)
  2 orc warriors (D:11)
2 creatures vanquished.

Vanquished Creatures (others)
  A fungus (D:8)
1 creature vanquished.

Grand Total: 313 creatures vanquished

Notes
Turn   | Place    | Note
-------+----------+-------------------------------------------
     0 | D:1      | KennyOmg the Minotaur Berserker began the quest for the
                  | Orb.
     0 | D:1      | Reached XP level 1. HP: 19/19 MP: 0/0
    47 | D:1      | Reached skill level 4 in Axes
    91 | D:1      | Reached XP level 2. HP: 24/26 MP: 1/1
   848 | D:2      | Reached skill level 5 in Axes
   848 | D:2      | Reached XP level 3. HP: 27/31 MP: 2/2
   857 | D:2      | Noticed Jessica
   866 | D:2      | Reached ** piety under Trog
   876 | D:2      | Killed Jessica
   924 | D:2      | Reached skill level 6 in Axes
   924 | D:2      | Reached XP level 4. HP: 7/39 MP: 3/3
  1735 | D:3      | Noticed Terence
  1746 | D:3      | Killed Terence
  2181 | D:3      | Noticed Robin
  2191 | D:3      | Reached XP level 5. HP: 32/45 MP: 4/4
  2195 | D:3      | Killed Robin
  2195 | D:3      | Reached skill level 7 in Axes
  2299 | D:3      | Noticed Natasha
  2304 | D:3      | Killed Natasha
  2478 | D:3      | Reached *** piety under Trog
  2619 | D:3      | Noticed Natasha
  2628 | D:3      | Killed Natasha
  2740 | D:3      | Noticed Natasha
  2747 | D:3      | Killed Natasha
  2747 | D:3      | Reached skill level 8 in Axes
  3057 | D:4      | Noticed an ogre
  3063 | D:4      | Killed an ogre
  3063 | D:4      | Reached XP level 6. HP: 27/51 MP: 5/5
  3276 | D:4      | Found a transporter.
  3305 | D:4      | Reached skill level 9 in Axes
  3356 | D:4      | Found Osixom Kyivi's Weapon Shop.
  3376 | D:4      | Found a staircase to the Ecumenical Temple.
  3531 | D:4      | Found a transporter.
  3533 | D:4      | Got a glimmering leather armour
  3536 | D:4      | Noticed a fire bat
  3536 | D:4      | Noticed a fire bat
  3629 | D:5      | Entered Level 5 of the Dungeon
  3657 | D:5      | Reached XP level 7. HP: 57/57 MP: 6/6
  3677 | D:5      | Identified the +3 leather armour of Instinct {Harm rC+
                  | Str+3 Int+2} (You found it on level 4 of the Dungeon)
  3745 | D:5      | Reached skill level 10 in Axes
  3905 | D:5      | Noticed Menkaure
  3912 | D:5      | Killed Menkaure
  4061 | D:5      | Found a white marble altar of Elyvilon.
  4152 | D:5      | Reached skill level 11 in Axes
  4703 | D:5      | Found a runed translucent door.
  4704 | D:5      | Noticed Crazy Yiuf
  4775 | D:5      | Found a hide-covered altar of Uskayaw.
  4776 | D:5      | Found a burning altar of Makhleb.
  4852 | D:5      | Reached XP level 8. HP: 51/64 MP: 7/7
  5197 | D:6      | Reached **** piety under Trog
  5288 | D:6      | Found a glowing drain.
  5298 | D:6      | Reached skill level 12 in Axes
  5307 | Sewer    | Entered a sewer
  5537 | Sewer    | Reached ***** piety under Trog
  5925 | D:6      | Reached skill level 13 in Axes
  6708 | D:7      | Found Bari's Armour Shop.
  6819 | D:7      | Found a hazy altar of Hepliaklqana.
  6920 | D:7      | Noticed Pikel
  6928 | D:7      | Reached XP level 9. HP: 37/70 MP: 8/8
  6935 | D:7      | Killed Pikel
  6935 | D:7      | Reached skill level 14 in Axes
  7353 | D:7      | Reached skill level 5 in Fighting
  8006 | D:8      | Found a sparkling altar of Nemelex Xobeh.
  8021 | D:8      | Reached skill level 5 in Shields
  8043 | D:8      | Found a staircase to the Lair.
  8476 | D:8      | Received a gift from Trog
  8614 | D:8      | Reached XP level 10. HP: 67/88 MP: 9/9
  8799 | D:8      | Noticed Joseph
  8814 | D:8      | Killed Joseph
 10108 | D:9      | Got a polished ring mail
 10165 | D:9      | Found a glowing silver altar of Zin.
 10253 | D:9      | Noticed Psyche
 10259 | D:9      | Killed Psyche
 10270 | D:9      | Identified the cursed +1 ring mail of the Volcano {rCorr
                  | Str-4 Int+4 SInv} (You found it on level 9 of the Dungeon)
 10333 | D:10     | Entered Level 10 of the Dungeon
 10367 | D:10     | Found Cuahet's Book Shoppe.
 10539 | D:10     | Reached skill level 10 in Fighting
 11603 | D:11     | Found a roughly hewn altar of Beogh.
 11603 | D:11     | Found a staircase to the Orcish Mines.
 11622 | D:11     | Reached skill level 10 in Shields
 11643 | D:11     | HP: 7/141 [orc/+0 trident (5)]
 11643 | D:11     | Slain by an orc warrior

Illustrated notes

Levels and vault maps discovered:
D:1:      zelgadis_glass_arrival_small, layout_loops_ring,
          chequers_hall_statues_wall_a
D:2:      layout_rooms, uniq_jessica
D:3:      layout_basic, uniq_natasha, uniq_terence, uniq_robin
D:4:      gammafunk_cloud_chamber, layout_gridville, minmay_temple_entry_grid,
          serial_shops, kennysheep_little_box
D:5:      layout_cave_pools, elyvilon_altar_1, nicolae_overflow_hidden_temple,
          lightli_minifort, uniq_crazy_yiuf_cottage, uniq_menkaure
D:6:      layout_basic, portal_sewer_entry_b
D:7:      kennysheep_windowed_halls, layout_rooms, serial_shops, shop,
          basic_altar, uniq_pikel
D:8:      layout_rooms, overflow_temple_1_default, david_lair_generic,
          uniq_joseph
D:9:      layout_gridville, lemuel_crystal_altar, uniq_psyche
D:10:     layout_long_grid, serial_shops, shop_coins
D:11:     layout_loops_ring, david_orc_5, kennysheep_boxes

Skill      XL: |  1  2  3  4  5  6  7  8  9 10 |
---------------+-------------------------------+-----
Axes           | 4 5 6 8 9 11 13 14 | 14.0
Fighting       | 7 10 | 10.7
Shields        | 6 10 | 10.1
Armour         | |  2.4
Dodging        | |  2.1

Action                   |  1- 3 |  4- 6 |  7- 9 | 10-12 || total
-------------------------+-------+-------+-------+-------++-------
Melee: Hand axe          |    62 |   137 |   408 |   242 ||   849
       Headbutt          |     8 |    25 |    74 |    40 ||   147
Invok: Berserk           |       |       |       |     2 ||     2
       Brothers in Arms  |       |       |       |     2 ||     2
       Trog's Hand       |       |       |       |     1 ||     1
  Use: Potion            |       |     1 |       |       ||     1
       Scroll            |       |       |     6 |       ||     6
 Stab: Sleeping          |     1 |       |       |       ||     1
Armor: Animal skin       |    10 |     5 |       |       ||    15
       Chain mail        |       |    37 |   132 |       ||   169
       Plate armour      |       |       |    57 |    70 ||   127
       Ring mail         |       |       |       |    20 ||    20
Dodge: Dodged            |    47 |    25 |    83 |    46 ||   201
Block: Kite shield       |       |    37 |   145 |   111 ||   293

Table legend: (Time is in decaauts)
 A = Elapsed time spent in this place.
 B = Non-inter-level travel time spent in this place.
 C = Inter-level travel time spent in this place.
 D = Time resting spent in this place.
 E = Time spent auto-exploring this place.
 F = Levels seen in this place.
 G = Mean time per level.
                   A        B        C        D        E       F      G
               +--------+--------+--------+--------+--------+-----+--------+
         Total |  11502 |  11277 |    225 |   1979 |   7736 |  12 |  958.5 |
       Dungeon |  10957 |  10732 |    225 |   1979 |   7334 |  11 |  996.1 |
         Sewer |    545 |    545 |      0 |      0 |    402 |   1 |  545.0 |
               +--------+--------+--------+--------+--------+-----+--------+

Top non-repeatable levels by time:
     D:9: 1700 daAuts
     D:5: 1402 daAuts
     D:7: 1391 daAuts
     D:3: 1302 daAuts
     D:6: 997 daAuts
     D:8: 987 daAuts
     D:2: 885 daAuts
     D:1: 844 daAuts
    D:10: 818 daAuts
     D:4: 600 daAuts
   Sewer: 545 daAuts
    D:11: 27 daAuts
